 Dungeon Crawl Stone Soup version 0.19.0-2-gae57169 (webtiles) character file.

133 lorenzova the Skirmisher (level 4, 0/42 HPs)
             Began as a Minotaur Berserker on Nov 5, 2016.
             Was a Follower of Trog.
             Succumbed to an orc wizard's poison
             ... on level 3 of the Dungeon.
             The game lasted 00:03:54 (1950 turns).

lorenzova the Skirmisher (Minotaur Berserker)       Turns: 1950, Time: 00:03:54

Health: 0/42       AC: 10    Str: 22    XL:     4   Next: 93%
Magic:  12/12      EV:  8    Int:  4    God:    Trog [*.....]
Gold:   71         SH:  0    Dex: 10    Spells: 0 memorised, 3 levels left

rFire  . . .     SeeInvis .     a - +0 hand axe
rCold  . . .     Gourm    .     g - +1 chain mail
rNeg   . . .     Faith    .     (no shield)
rPois  .         Spirit   .     (helmet restricted)
rElec  .         Reflect  .     (no cloak)
rCorr  .         Harm     .     (no gloves)
MR     .....                    (no boots)
Stlth  ..........               (no amulet)
                                r - ring of loudness (curse)
                                p - ring of magical power

@: confused, lethally poisoned (0 -> -10)
A: retaliatory headbutt, horns 2
a: Berserk, Burn Spellbooks, Renounce Religion


You were on level 3 of the Dungeon.
You worshipped Trog.
Trog was aware of your devotion.
You were not hungry.

You visited 1 branch of the dungeon, and saw 3 of its levels.

You collected 71 gold pieces.

Inventory:

Hand Weapons
 a - a +0 hand axe (weapon)
Armour
 d - a +0 ring mail
 g - a +1 chain mail (worn)
Jewellery
 p - a ring of magical power (left hand)
 r - a cursed ring of loudness (right hand)
Scrolls
 h - a scroll of identify
 i - a scroll of random uselessness
 l - a scroll of teleportation {unknown}
 m - a scroll of fear
Potions
 e - 3 potions of mutation
 f - 2 potions of heal wounds {unknown}
 j - a potion of agility {unknown}
 k - 2 potions of invisibility {unknown}
Comestibles
 b - 3 beef jerkies
 c - 2 bread rations


   Skills:
 + Level 5.4 Fighting
 - Level 3.7 Axes
 + Level 4.6 Armour
 - Level 2.1 Dodging


You had 3 spell levels left.
You didn't know any spells.

Dungeon Overview and Level Annotations

Branches:
Dungeon (3/15)

Altars:


Innate Abilities, Weirdness & Mutations

You reflexively headbutt those who attack you in melee.
You have a pair of horns on your head.


Message History

You are confused.
You bump into the rock wall.
* * * LOW HITPOINT WARNING * * *
You feel sick.
You hear some strange, mumbled words.
Something tries to affect you, but you resist.
You closely miss something. You headbutt something.
* * * LOW HITPOINT WARNING * * *
You feel sick. Something hits you but does no damage.
You miss something.
* * * LOW HITPOINT WARNING * * *
You feel sick. Something hits you but does no damage.
You bump into the rock wall.
* * * LOW HITPOINT WARNING * * *
You feel sick. Something hits you.
* * * LOW HITPOINT WARNING * * *
You bump into the rock wall.
* * * LOW HITPOINT WARNING * * *
You feel sick. Something hits you but does no damage.
You die...

## .. .# ########## .# .##
. #........# .##.... ..
#.######.#####!...... #.
#.# #......@.{r...(.. #.
#.###.##.#########.## #.
#........# #. #####.####
####. #.###### ##+## #....
#......# ##...## #.##.
######.# ##.....###.##.
##<#.# ##.......##.##.
#####....###.........#.##.


You could see a rat.

Vanquished Creatures
  Natasha (twice) (D:2)
  An orc wizard (D:3)
  2 adders (D:2)
  2 dart slugs (D:1)
  A leopard gecko (D:1)
  2 orcs (D:3)
  2 goblins
  4 hobgoblins
  5 jackals
  2 kobolds
  2 quokkas (D:2)
  3 bats
  3 frilled lizards (D:2)
  5 rats
36 creatures vanquished.

Notes
Turn   | Place    | Note
-------+----------+-------------------------------------------
     0 | D:1      | lorenzova the Minotaur Berserker began the quest for the Orb.
     0 | D:1      | Reached XP level 1. HP: 19/19 MP: 0/0
   117 | D:1      | Reached skill level 4 in Fighting
   176 | D:1      | Reached XP level 2. HP: 27/27 MP: 1/1
   862 | D:2      | Noticed Natasha
   874 | D:2      | Killed Natasha
   874 | D:2      | Reached XP level 3. HP: 7/34 MP: 2/2
  1347 | D:2      | Reached skill level 5 in Fighting
  1347 | D:2      | Reached XP level 4. HP: 42/42 MP: 3/3
  1661 | D:2      | Noticed Natasha
  1671 | D:2      | Killed Natasha
  1948 | D:3      | HP: 2/42 [something (1)]
  1950 | D:3      | Succumbed to an orc wizard's poison

Skill      XL: |  1  2  3  4 |
---------------+-------------+-----
Fighting       | 4 5 |  5.4
Armour         | 3 4 |  4.6
Axes           | |  3.7
Dodging        | |  2.1

Action                   |  1- 3 |  4- 6 || total
-------------------------+-------+-------++-------
Melee: Hand axe          |    66 |    49 ||   115
       Headbutt          |    12 |    12 ||    24
  Use: Scroll            |       |     7 ||     7
  Eat: Chunk             |       |     3 ||     3
Armor: Animal skin       |     3 |       ||     3
       Ring mail         |     1 |       ||     1
       Chain mail        |    19 |    37 ||    56
Dodge: Dodged            |    34 |    19 ||    53
